 Dungeon Sprint DCSS version 0.28-a0-245-g639a1a48b9 (webtiles) character file.

Game seed: 12269395218004196488

9628 jt the Severer (level 11, -11/150 HPs)
             Began as a Palentonga Berserker on Aug 24, 2021.
             Was the Champion of Trog.
             Succumbed to poison (dark miasma)
             ... in the Dungeon (Sprint III: "The Ten Rune Challenge").
             The game lasted 00:10:51 (2155 turns).

jt the Severer (Palentonga Berserker)               Turns: 2155, Time: 00:10:52

Health: -11/150    AC:  6    Str: 30    XL:     11   Next: 25%
Magic:  11/11      EV:  9    Int:  8    God:    Trog [******]
Gold:   1766       SH:  0    Dex: 12    Spells: 10/10 levels left

rFire   . . .      SeeInvis +   w - +11 battleaxe "Foonashre" {flame, *Noise Fly rC++ Dex+3}
rCold   + + +      Faith    .   (shield currently unavailable)
rNeg    . . .      Spirit   .   s - +0 troll leather armour
rPois   .          Reflect  .   (no helmet)
rElec   .          Harm     .   k - +0 cloak
rCorr   .          Rampage  .   (no gloves)
Will    +....      NoTele   +   (no barding)
Stlth   ..........              (no amulet)
HPRegen 1.35/turn               E - ring "Xunu Tikh" {Will+ Str+6}
MPRegen 0.12/turn               (no ring)

@: berserking, lethally poisoned (-11 -> -77), flying, slowed
A: large, rugged brown scales 3, see invisible, deformed body, roll 2, armoured
tail, reflexive curl, cold resistance 1, frail 1
a: Rolling Charge, Renounce Religion, Berserk, Trog's Hand, Brothers in Arms


You were in the Dungeon.
You worshipped Trog.
Trog was exalted by your worship.
You visited 1 branch You collected 2690 gold pieces.
You spent 924 gold pieces at shops.

Inventory:

Hand Weapons
 a - a +0 hand axe
 j - a +2 quarterstaff of chaos
 t - a +2 battleaxe of flaming
 u - a +2 vorpal battleaxe
 v - a +4 antimagic war axe
 w - the +11 battleaxe "Foonashre" (weapon) {flame, *Noise Fly rC++ Dex+3}
   (Trog gifted it to you in the Dungeon)

   It burns those it strikes, dealing additional fire damage.
   Big, fiery blades are also staple armaments of hydra-hunters.
   Dex:       It affects your dexterity (+3).
   rC:        It greatly protects you from cold.
   Fly:       It grants you flight.
   *Noise:    It may make noises in combat.
 x - a +2 broad axe of flaming
 B - a +0 trident
 D - a +2 short sword of venom
Missiles
 y - 4 boomerangs
 F - 5 javelins
Armour
 b - a +0 animal skin
 k - a +0 cloak (worn)
 s - a +0 troll leather armour (worn)
 z - a +0 plate armour
 A - a +0 chain mail of fire resistance
 C - a +1 scale mail of cold resistance
Jewellery
 E - the ring "Xunu Tikh" (left hand) {Will+ Str+6}
   (You bought it in a shop in the Dungeon)

   [ring of strength]

   Str:       It affects your strength (+6).
   Will:      It increases your willpower.
Scrolls
 h - a scroll of blinking
 l - a scroll of holy word {unknown}
 m - a scroll of summoning {unknown}
 o - a scroll of torment {unknown}
 p - a scroll of identify {unknown}
Potions
 c - a potion of curing
 d - 3 potions of heal wounds
 e - a potion of haste
 f - 2 potions of magic
 g - a potion of berserk rage
 i - 2 potions of degeneration {unknown}
 n - 4 potions of mutation
 q - 2 potions of flight
Miscellaneous
 r - a condenser vane


   Skills:
 + Level 15.7 Fighting
 + Level 16.3 Axes
 - Level 1.5 Armour
 - Level 1.5 Dodging
 + Level 13.8 Evocations


You had 10 spell levels left.
You didn't know any spells.
Your spell library was empty.

Dungeon Overview and Level Annotations

Branches:
Dungeon (1/1)

Altars:
Cheibriados
Dithmenos
Elyvilon
Fedhas
Gozag
Hepliaklqana
Kikubaaqudgha
Makhleb
Nemelex Xobeh
Okawaru
Qazlal
Ru
Sif Muna
Trog
Uskayaw
Vehumet
Wu Jian
Xom
Yredelemnul
Zin
The Shining One
Beogh
Jiyva
Lugonu

Shops:
D =


Innate Abilities, Weirdness & Mutations

You are completely covered in rugged brown scales. (AC +3, +7% HP)
You have supernaturally acute eyesight. (SInv)
Armour fits poorly on your strangely shaped body.
You can roll at foes to attack.
You have a long armoured tail.
You curl defensively after being hit.
Your flesh is cold resistant. (rC+)
You are frail. (-10% HP)


Message History

You feel yourself slow down.
Press: ? - help, v - describe, . - travel
Here: a death drake (water, moderately wounded, catching its breath) Some deep water.
You feel extremely sick.
The death drake bites you but does no damage.
The death drake closely misses you.
Okay, then.
A red film seems to cover your vision as you go berserk!
You feel yourself moving faster!
You feel mighty!
You feel extremely sick. The death drake bites you! The death drake misses you.
You slash the death drake! You burn the death drake.
The death drake is heavily wounded.
You feel very sick. The death drake breathes miasma at you.
The foul vapour engulfs you!
You are more poisoned.
You feel as though you will be slow longer.
* * * LOW HITPOINT WARNING * * *
You miss the death drake.
The death drake is heavily wounded.
You are engulfed in dark miasma.
You are lethally poisoned!
* * * LOW HITPOINT WARNING * * *
x2 You feel extremely sick.
The death drake bites you but does no damage.
The death drake barely misses you.
You slice the death drake!! You burn the death drake.
You kill the death drake!
Trog accepts your kill.
You are engulfed in dark miasma.
You are more poisoned.
You feel as though you will be slow longer.
* * * LOW HITPOINT WARNING * * *
You feel extremely sick.
You are engulfed in dark miasma.
You are more poisoned.
* * * LOW HITPOINT WARNING * * *
You die...

....♣♣♣♣≈≈≈...)....≈≈≈...#.^..^.^
≈≈≈≈'♣♣'♣≈≈≈≈≈≈≈≈≈≈≈≈♣♣..'....^^^
...)#.≈♣♣♣♣♣♣♣♣♣♣♣♣♣♣♣♣..#....^..
♣♣♣♣#..♣♣ ♣♣♣##+#####
###'♣♣♣♣♣♣♣♣♣♣♣♣♣♣♣
♣♣♣♣.##.)##≈≈≈≈≈≈..#
♣...##.##.#≈≈≈≈≈...#
♣♣.##.##†##°≈≈≈≈≈####
♣..#.##.†.#°@°°.°☼§☼
♣♣.##.##..#°°°+#####
♣♣.##.#####°°°# ♣.....##......#
########+######


There were no monsters in sight!

Vanquished Creatures
  2 hydras (D)
  Erolcha (D)
  An orc high priest (D)
  Urug (D)
  A death drake (D)
  A deep elf pyromancer (D)
  A lindwurm (D)
  An orc sorcerer (D)
  2 cane toads (D)
  A komodo dragon (D)
  A rime drake (D)
  2 tyrant leeches (D)
  A shadow (D)
  5 redbacks (D)
  A spatial vortex (D)
  A swamp drake (D)
  2 orc warriors (D)
  A necrophage (D)
  5 two-headed ogres (D)
  A water elemental (D)
  An electric eel (D)
  A jelly (D)
  4 orc priests (D)
  Crazy Yiuf (D)
  A wizard (D)
  A necromancer (D)
  An orc wizard (D)
  A kobold demonologist (D)
  3 humans (D)
  2 wandering mushrooms (D)
  9 orcs (D)
  An endoplasm (D)
  3 rats (D)
61 creatures vanquished.

Vanquished Creatures (others)
  A wandering mushroom (D)
  3 plants (D)
4 creatures vanquished.

Grand Total: 65 creatures vanquished

Notes
Turn   | Place    | Note
-------+----------+-------------------------------------------
     0 | D        | jt the Palentonga Berserker began the quest for the Orb.
     0 | D        | Reached XP level 1. HP: 19/19 MP: 1/1
    62 | D        | Reached ** piety under Trog
    63 | D        | Reached skill level 4 in Axes
    85 | D        | Noticed Crazy Yiuf
   105 | D        | Reached skill level 6 in Axes
   105 | D        | Reached XP level 2. HP: 25/25 MP: 2/2
   108 | D        | Killed Crazy Yiuf
   109 | D        | Reached skill level 7 in Axes
   109 | D        | Reached XP level 3. HP: 28/31 MP: 3/3
   218 | D        | Gained mutation: You can roll at foes to attack. [potion of
                  | mutation]
   218 | D        | Gained mutation: You are frail. (-10% HP) [potion of
                  | mutation]
   218 | D        | Gained mutation: Your flesh is cold resistant. (rC+)
                  | [potion of mutation]
   221 | D        | Noticed a water elemental
   227 | D        | Killed a water elemental
   227 | D        | Reached *** piety under Trog
   228 | D        | Reached skill level 9 in Axes
   228 | D        | Reached XP level 4. HP: 33/33 MP: 4/4
   304 | D        | Found a shadowy altar of Dithmenos.
   304 | D        | Noticed a necrophage
   311 | D        | Killed a necrophage
   312 | D        | Reached skill level 11 in Axes
   312 | D        | Reached XP level 5. HP: 39/39 MP: 5/5
   312 | D        | Found a basalt altar of Yredelemnul.
   312 | D        | Found a sacrificial altar of Ru.
   367 | D        | Noticed a shadow
   374 | D        | Killed a shadow
   374 | D        | Reached **** piety under Trog
   375 | D        | Reached skill level 13 in Axes
   375 | D        | Reached XP level 6. HP: 39/45 MP: 6/6
   495 | D        | Found a blossoming altar of Fedhas.
   495 | D        | Found a stormy altar of Qazlal.
   496 | D        | Found a snail-covered altar of Cheibriados.
   496 | D        | Found a burning altar of Makhleb.
   496 | D        | Found a hazy altar of Hepliaklqana.
   496 | D        | Found a shimmering altar of Xom.
   496 | D        | Found an opulent altar of Gozag.
   496 | D        | Found a sparkling altar of Nemelex Xobeh.
   496 | D        | Found a corrupted altar of Lugonu.
   496 | D        | Found a viscous altar of Jiyva.
   496 | D        | Noticed a spatial vortex
   503 | D        | Killed a spatial vortex
   504 | D        | Reached skill level 14 in Axes
   504 | D        | Reached skill level 5 in Fighting
   504 | D        | Gained mutation: You curl defensively after being hit.
                  | [Palentonga growth]
   504 | D        | Reached XP level 7. HP: 38/54 MP: 7/7
   602 | D        | Found a radiant altar of Vehumet.
   603 | D        | Found a shimmering blue altar of Sif Muna.
   603 | D        | Found an ancient bone altar of Kikubaaqudgha.
   605 | D        | Reached ***** piety under Trog
   606 | D        | Reached skill level 1 in Evocations
   633 | D        | Found a hide-covered altar of Uskayaw.
   633 | D        | Found an iron altar of Okawaru.
   634 | D        | Found a bloodstained altar of Trog.
   634 | D        | Found an ornate altar of the Wu Jian Council.
   634 | D        | Noticed a human
   634 | D        | Noticed a human
   640 | D        | Killed a human
   648 | D        | Killed a human
   745 | D        | Found a glowing silver altar of Zin.
   746 | D        | Found a glowing golden altar of the Shining One.
   746 | D        | Found a white marble altar of Elyvilon.
   746 | D        | Noticed a deep elf pyromancer
   752 | D        | Killed a deep elf pyromancer
   752 | D        | Received a gift from Trog
   753 | D        | Reached XP level 8. HP: 60/68 MP: 8/8
   779 | D        | Reached skill level 10 in Fighting
   806 | D        | Noticed a two-headed ogre
   811 | D        | Killed a two-headed ogre
   849 | D        | Noticed a two-headed ogre
   849 | D        | Noticed Erolcha
   851 | D        | Killed Erolcha
   852 | D        | Reached XP level 9. HP: 57/79 MP: 9/9
   861 | D        | Killed a two-headed ogre
   861 | D        | Received a gift from Trog
   862 | D        | Reached skill level 10 in Evocations
  1038 | D        | Noticed a wandering mushroom
  1102 | D        | Noticed a wandering mushroom
  1104 | D        | Noticed a wandering mushroom
  1280 | D        | Noticed an orc sorcerer
  1284 | D        | Killed an orc sorcerer
  1284 | D        | Reached ****** piety under Trog
  1284 | D        | Received a gift from Trog
  1317 | D        | Received a gift from Trog
  1320 | D        | Noticed an orc high priest
  1321 | D        | Found Caucs's Jewellery Shop.
  1324 | D        | Noticed a hellwing
  1324 | D        | Received a gift from Trog
  1331 | D        | Killed an orc high priest
  1332 | D        | Reached XP level 10. HP: 22/90 MP: 10/10
  1440 | D        | Bought the ring "Xunu Tikh" {Will+ Str+6} for 924 gold
                  | pieces
  1505 | D        | Noticed a cane toad
  1505 | D        | Noticed a cane toad
  1511 | D        | Killed a cane toad
  1514 | D        | Killed a cane toad
  1573 | D        | Reached skill level 15 in Axes
  1583 | D        | Received a gift from Trog
  1728 | D        | Noticed a lindwurm
  1737 | D        | Killed a lindwurm
  2066 | D        | Identified the +11 battleaxe "Foonashre" {flame, *Noise Fly
                  | rC++ Dex+3} (Trog gifted it to you in the Dungeon)
  2066 | D        | Received a gift from Trog
  2069 | D        | Noticed Urug
  2076 | D        | Killed Urug
  2077 | D        | Reached skill level 15 in Fighting
  2077 | D        | Reached XP level 11. HP: 98/98 MP: 11/11
  2114 | D        | Noticed an eight-headed hydra
  2114 | D        | Noticed a four-headed hydra
  2122 | D        | Killed a five-headed hydra
  2124 | D        | Killed a two-headed hydra
  2125 | D        | Reached skill level 16 in Axes
  2144 | D        | Noticed a death drake
  2154 | D        | Killed a death drake
  2155 | D        | HP: 5/150 [something (3)]
  2155 | D        | Succumbed to poison (dark miasma)

Illustrated notes

Levels and vault maps discovered:
D:        dungeon_sprint_mu [sprint_mu_entry_cave, sprint_mu_temple_rooms,
          sprint_mu_d1_spiders, sprint_mu_d2_genie, sprint_mu_d3_branching,
          sprint_mu_orc_legion, sprint_mu_elf_gauntlet, sprint_mu_hive_nellie,
          sprint_mu_lair_fedhas, sprint_mu_vaults_butterflies,
          sprint_mu_slime_circle, sprint_mu_swamp_cave, sprint_mu_shoals_kraken,
          sprint_mu_blade_basic, sprint_mu_crypt_fortress,
          sprint_mu_tomb_spiral, sprint_mu_vestibule_basic,
          sprint_mu_gehenna_hellfire, sprint_mu_dis_giant,
          sprint_mu_tartarus_statrot, sprint_mu_cocytus_islands, sprint_mu_zot1]

Skill      XL: |  1  2  3  4  5  6  7  8  9 10 11 |
---------------+----------------------------------+-----
Axes           | 6 7 9 11 13 14 15 16 | 16.3
Fighting       | 5 9 12 13 15 | 15.7
Evocations     | 6 9 11 13 | 13.8
Armour         | |  1.5
Dodging        | |  1.5

Action                   |  1- 3 |  4- 6 |  7- 9 | 10-12 || total
-------------------------+-------+-------+-------+-------++-------
Melee: Hand axe          |    20 |    22 |    19 |       ||    61
       Tailslap          |     2 |     5 |    12 |    11 ||    30
       Battleaxe         |       |       |    42 |    47 ||    89
       Trident           |       |       |       |    14 ||    14
Throw: Boomerang         |       |       |       |     2 ||     2
Invok: Berserk           |     2 |     2 |     3 |     5 ||    12
       Trog's Hand       |       |       |       |     1 ||     1
 Abil: Rolling Charge    |       |     2 |     3 |     2 ||     7
Evoke: Condenser vane    |       |       |     7 |     4 ||    11
  Use: Potion            |     1 |       |       |     1 ||     2
 Stab: Sleeping          |     1 |       |       |       ||     1
       Confused          |       |       |     1 |       ||     1
Armor: Animal skin       |     3 |     3 |     3 |       ||     9
       Troll leather arm |       |       |    11 |    12 ||    23
       Chain mail        |       |       |       |     5 ||     5
Dodge: Dodged            |     5 |     2 |    10 |    13 ||    30

Table legend: (Time is in decaauts)
 A = Elapsed time spent in this place.
 B = Non-inter-level travel time spent in this place.
 C = Inter-level travel time spent in this place.
 D = Time resting spent in this place.
 E = Time spent auto-exploring this place.
 F = Levels seen in this place.
 G = Mean time per level.
                   A        B        C        D        E       F      G
               +--------+--------+--------+--------+--------+-----+--------+
         Total |   2259 |   2213 |     46 |   1427 |     15 |   1 | 2259.0 |
       Dungeon |   2259 |   2213 |     46 |   1427 |     15 |   1 | 2259.0 |
               +--------+--------+--------+--------+--------+-----+--------+

Top non-repeatable levels by time:
       D: 2259 daAuts
